 Dungeon Crawl Stone Soup version 0.19-a0-1007-g133f65f (webtiles) character file.

9 4thArraOfDagon the Skirmisher (level 2, -16/26 HPs)
             Began as a Draconian Abyssal Knight on July 19, 2016.
             Was an Initiate of Cheibriados.
             Demolished by a large abomination (38 damage)
             ... created by the touch of Lugonu
             ... on level 2 of the Dungeon.
             The game lasted 00:02:01 (267 turns).

4thArraOfDagon the Skirmisher (DrAK)                 Turns: 267, Time: 00:02:02

Health: -16/26     AC:  4    Str: 20    XL:     2   Next: 3%
Magic:  3/3        EV: 12    Int: 13    God:    Cheibriados [......]
Gold:   5          SH:  0    Dex: 11    Spells: 0 memorised, 1 level left

rFire  . . .     SeeInvis .       - Unarmed
rCold  . . .     Gourm    .     (armour unavailable)
rNeg   . . .     Faith    .     (no shield)
rPois  .         Spirit   .     (helmet restricted)
rElec  .         Dismiss  .     (no cloak)
rCorr  .         Reflect  .     (no gloves)
SustAt .         Harm     .     (no boots)
MR     .....                    (no amulet)
Stlth  +.........               (no ring)
                                f - +5 ring of strength

@: very slow, not resistant to hostile enchantments, very unstealthy
A: unfitting armour, cold-blooded, AC +4
a: Bend Time, Renounce Religion


You were on level 2 of the Dungeon.
You worshipped Cheibriados.
Cheibriados was noncommittal.
You were not hungry.

You visited 1 branch of the dungeon, and saw 3 of its levels.
You visited the Abyss 1 time.

You collected 5 gold pieces.

Inventory:

Jewellery
 f - a +5 ring of strength (left hand)
Scrolls
 c - 3 scrolls of noise
Comestibles
 a - 2 bread rations


   Skills:
 - Level 3.2 Fighting
 + Level 2.3 Dodging
 * Level 2.4 Unarmed Combat
 + Level 2.1 Invocations


You had one spell level left.
You didn't know any spells.

Dungeon Overview and Level Annotations

Branches:
Dungeon (3/15)

Altars:

Annotations:
D:3 Robin


Innate Abilities, Weirdness & Mutations

Your plain brown scales are hard. (AC +4)
Your body does not fit into most forms of armour.
You are cold-blooded and may be slowed by cold attacks.


Message History

2 hobgoblins and a large abomination come into view.
Unknown command.
As you read the scroll labeled USHYPY OZ ZYURGH, it crumbles to dust.
You feel blessed for a moment.
It was a scroll of remove curse.
As you read the scroll labeled IRUEFIPONG, it crumbles to dust.
You feel aware of your surroundings.
It was a scroll of magic mapping.
Okay, then.
Unknown command.
Press: ? - help, v - describe, . - travel
Here: a large abomination (durably summoned)
The floor.
Unknown command.
As you read the scroll labeled PITERPH VAHAKK, it crumbles to dust.
It is a scroll of enchant armour.
You aren't carrying any armour which can be enchanted further.
An adder comes into view.
Unknown command.
The large abomination hits you!!!
Ouch! That really hurt!
You die...

*** ,,* *,***********
,,,,,,,,,,,,* *,*********,* ***
,,* *,** ##### **,** ***
#..####...# **,,,** * ***
*,#...@...#** **<,,,,, *
**,****#.##g.X....#***,,,,,,, ***
*,,,,,,,S....g.......,,,,,,,, ,,*
**,****####.......###*,,,,,,,
,,****,,,,****###...### **,,,,,*
,,,,,,,,,,,>,,,,#...# **,,,**
,*****,,*,*****,##.## **,** ,*
*,,,,,*#**,**.#***********
,*****,,,,,..,,,,,,,,,,,,,,,,,***


You could see a large abomination and 2 hobgoblins.

Vanquished Creatures
  A giant gecko (D:2)
  2 jackals (D:2)
  2 goblins (D:2)
  A kobold (D:2)
  2 rats (D:1)
8 creatures vanquished.

Notes
Turn   | Place    | Note
-------+----------+-------------------------------------------
     0 | Abyss:1  | 4thArraOfDagon the Draconian Abyssal Knight began the quest for the Orb.
     0 | Abyss:1  | Reached XP level 1. HP: 19/19 MP: 2/2
     0 | Abyss:1  | Found an ancient bone altar of Kikubaaqudgha.
     3 | Abyss:1  | Found a snail-covered altar of Cheibriados.
    13 | Abyss:1  | Fell from the grace of Lugonu
    13 | Abyss:1  | Became a worshipper of Cheibriados the Contemplative
    19 | Abyss:1  | Found a corrupted altar of Lugonu.
    47 | Abyss:1  | Turgon: Hi
    48 | Abyss:1  | Found a corrupted altar of Lugonu.
    57 | D:1      | Escaped the Abyss
    58 | D:1      | 4thArraOfDagon: hi
   120 | D:2      | Turgon: Ouch
   134 | D:2      | Turgon: Killed from afar by a lich (45 damage)
   159 | D:3      | Noticed Robin
   162 | D:2      | Turgon: The game lasted 00:00:56 (80 turns)
   211 | D:2      | 4thArraOfDagon: Killed by spatial distortion ( invoked by the rage of Lugonu)
   215 | D:2      | Reached XP level 2. HP: 17/26 MP: 3/3
   264 | D:2      | Noticed a large abomination
   267 | D:2      | Demolished by a large abomination

Vault maps used:
D:1:      eino_arrival_cavern_b
D:2:      uniq_natasha, uniq_sigmund
D:3:      overflow_temple_1_default, ecumenical_altar_1, minmay_snake_closets,
          uniq_robin

Action                   || total
-------------------------++-------
Melee: Unarmed           ||    35
       Tailslap          ||     3
  Use: Scroll            ||     4
Armor: Skin              ||     6
Dodge: Dodged            ||    24
